 Dungeon Crawl Stone Soup version 0.29.1-1-gd02db6906a (webtiles) character file.

Game seed: 3726840409678133942

49 hikkokomori the Magician (level 4, -4/33 HPs)
             Began as a Djinni Fire Elementalist on Oct 11, 2022.
             Slain by Sigmund
             ... wielding a +0 scythe
              (10 damage)
             ... on level 2 of the Dungeon.
             The game lasted 00:05:22 (1732 turns).

hikkokomori the Magician (Djinni Fire Elementalist) Turns: 1732, Time: 00:05:23

Health: -4/33      AC:  2    Str:  7    XL:     4   Next: 1%
Gold:   56         EV: 12    Int: 18    God:
                   SH:  0    Dex: 14

rFire   + + +      SeeInvis .   g - staff of fire
rCold   x . .      Faith    .   (no shield)
rNeg    . . .      Spirit   .   a - +0 robe
rPois   ∞          Reflect  .   (no helmet)
rElec   .          Harm     .   (no cloak)
rCorr   .          Rampage  .   (no gloves)
Will    .....                   (boots unavailable)
Stlth   +.........              (no amulet)
HPRegen 0.11/turn               (no ring)
MPRegen 0.00/turn               (no ring)

@: confused, flying
A: sickness immunity, fire resistance 2, cold vulnerability 1, float, innate
caster, HP casting, extra vitality 1
a: no special abilities


You were on level 2 of the Dungeon.
You visited 1 branch of the dungeon, and saw 2 of its levels.

You collected 56 gold pieces.

Inventory:

Hand Weapons
 d - a +1 dagger of venom
 e - a +2 mace of pain
Armour
 a - a +0 robe (worn)
 l - a +0 helmet
Magical Staves
 g - a staff of fire (weapon)
 i - a staff of air
Scrolls
 b - a scroll of amnesia {unknown}
 f - a scroll of immolation {unknown}
 j - a scroll of vulnerability {unknown}
 k - a scroll of identify {unknown}
Potions
 c - a potion of invisibility {unknown}
 h - a potion of flight {unknown}


   Skills:
 + Level 1.8 Fighting
 + Level 0.7 Staves
 - Level 2.1 Dodging
 - Level 1.5 Stealth
 + Level 2.8 Spellcasting
 + Level 1.0 Evocations


You couldn't memorise any spells.
You knew the following spells:

 Your Spells              Type           Power      Damage    Failure   Level
a - Foxfire               Conj/Fire      76%        2x1d7     4%          1
b - Scorch                Fire           38%        2d6       8%          2
c - Conjure Flame         Conj/Fire      19%        6-21      16%         3
d - Inner Flame           Hex/Fire       19%        N/A       16%         3
e - Flame Wave            Conj/Fire      19%        2d7       45%         4
f - Summon Small Mammal   Summ           52%        N/A       4%          1
Your spell library was empty.

Dungeon Overview and Level Annotations

Branches:
Dungeon (2/15)

Altars:

Annotations:
D:2 Sigmund


Innate Abilities, Weirdness & Mutations

You are immune to sickness and miasma.
You are immune to poison.
Your flesh is very heat resistant. (rF++)
You are vulnerable to cold. (rC-)
You float through the air rather than walking.
You learn spells naturally, not from books.
Your magical power is your life essence.
You have superior vitality. (+4 MHP)


Message History

Something hits you.
Unknown command.
Casting: Summon Small Mammal (safe; 4% risk of failure)
Confirm with . or Enter, or press ? or * to list all spells.
You can't see any susceptible monsters within range! (Use Z to cast anyway.)
Casting: Summon Small Mammal (safe; 4% risk of failure)
Confirm with . or Enter, or press ? or * to list all spells.
You can't see any susceptible monsters within range! (Use Z to cast anyway.) Unknown command.
Casting: Summon Small Mammal (safe; 4% risk of failure)
Confirm with . or Enter, or press ? or * to list all spells.
You don't know that spell.
Casting: Summon Small Mammal (safe; 4% risk of failure)
Confirm with . or Enter, or press ? or * to list all spells.
The spell is quite dangerous to miscast (16% risk of failure)!
Continue anyway?
You feel a surge of power!
You miscast Conjure Flame.
You are very lightly contaminated with residual magic.
Nothing appears to happen.
Something hits you!
Your rat barely misses you.
You hear some strange, mumbled words.
A puff of flame appears from out of thin air!
The puff of flame hits your rat!
Your rat dies!
Your rat's corpse disappears in a puff of smoke!
Something hits you!
* * * LOW HITPOINT WARNING * * *
You see here a rat corpse.
You hear some strange, mumbled words.
You are confused.
You bump into the rock wall.
You hear some strange, mumbled words.
A puff of flame appears from out of thin air!
The puff of flame hits you. You resist.
* * * LOW HITPOINT WARNING * * *
Your magical contamination has completely faded away.
You bump into the rock wall.
You hear some strange, mumbled words.
You are more confused.
You bump into the rock wall.
Something hits you!
You die...

#......... #..## #....>.# #..# #
#......#### #.##. #[.>......# #
#.... #####...†.###.# #...#
#####...#.###########....
#############...........§....##.
#..........###.##.######....####
#..........# #.@#...####.##).###
#..........# ##.#....÷..........
#..........# #.....÷....####.†#
########..## ##.......#### ##.#
#...###....##### ..
#.#.....##..# . #.#.#######<#
#.### #.# #.># #.####


There were no monsters in sight!

Vanquished Creatures
  An adder (D:2)
  A dart slug (D:1)
  3 endoplasms
  2 giant cockroaches (D:1)
  2 goblins (D:1)
  6 jackals
  2 quokkas (D:1)
  6 ball pythons
  3 bats
  4 kobolds (D:1)
  5 rats
35 creatures vanquished.

Vanquished Creatures (others)
  30 foxfires (D:1)
30 creatures vanquished.

Grand Total: 65 creatures vanquished

Notes
Turn   | Place    | Note
-------+----------+-------------------------------------------
     0 | D:1      | hikkokomori the Djinni Fire Elementalist began the quest
                  | for the Orb.
     0 | D:1      | hikkokomori set off with the following spells memorised:
                  | Foxfire, Scorch, Conjure Flame, Inner Flame, Flame Wave.
     0 | D:1      | Reached XP level 1. HP: 15/15 MP: 0/0
   231 | D:1      | Reached XP level 2. HP: 6/22 MP: 0/0
   232 | D:1      | Reached skill level 1 in Fighting
   617 | D:1      | Found a faded altar of an unknown god.
   631 | D:1      | Reached XP level 3. HP: 18/27 MP: 0/0
   631 | D:1      | Learned a level 1 spell: Summon Small Mammal
  1345 | D:2      | Reached skill level 1 in Evocations
  1656 | D:2      | Reached XP level 4. HP: 33/33 MP: 0/0
  1707 | D:2      | Noticed Sigmund
  1732 | D:2      | Slain by Sigmund

Illustrated notes

Levels and vault maps discovered:
D:1:      heliophobic_arrival_enchanted_forest, layout_rooms,
          nicolae_ecumenical_snake_handling
D:2:      layout_rooms, basic_altar, minmay_tripent, uniq_sigmund

Skill      XL: |  1  2  3 |
---------------+----------+-----
Fighting       | 1 |  1.8
Evocations     | 1 |  1.0
Staves         | |  0.7
Dodging        | |  2.1
Stealth        | |  1.5
Spellcasting   | |  2.8

Action                   |  1- 3 |  4- 6 || total
-------------------------+-------+-------++-------
Melee: Unarmed           |     1 |       ||     1
       Staff             |    47 |     2 ||    49
       Dagger            |     1 |       ||     1
 Cast: Foxfire           |    18 |       ||    18
       Scorch            |    10 |       ||    10
       Summon Small Mamm |     2 |     1 ||     3
Armor: Robe              |    20 |       ||    20
Dodge: Dodged            |    62 |     4 ||    66
